 Dungeon Crawl Stone Soup version 0.19-a0-291-ga637243 (webtiles) character file.

461 vev the Conjurer (level 7, 0/36 HPs)
             Began as a Tengu Fire Elementalist on Apr 21, 2016.
             Succumbed to an orc's poison
             ... on level 4 of the Dungeon on May 27, 2016.
             The game lasted 00:14:45 (4586 turns).

vev the Conjurer (Tengu Fire Elementalist)          Turns: 4586, Time: 00:14:46

Health: 0/36       AC:  3    Str: 10    XL:     7   Next: 7%
Magic:  13/15      EV: 12    Int: 16    God:
Gold:   199        SH:  0    Dex: 14    Spells: 4 memorised, 6 levels left

rFire  . . .     SeeInvis .     s - +1 trident (venom)
rCold  . . .     Gourm    .     g - +0 leather armour
rNeg   . . .     Faith    .     (no shield)
rPois  .         Spirit   .     (helmet restricted)
rElec  .         Dismiss  .     (no cloak)
rCorr  .         Reflect  .     (no gloves)
SustAt .         Harm     .     (boots unavailable)
MR     +....                    (no amulet)
Stlth  ++........               k - ring of protection from magic
                                p - +3 ring of slaying

@: lethally poisoned (0 -> -6), very slightly contaminated, somewhat resistant
to hostile enchantments, unstealthy
A: beak, talons 3, able to fly 1
a: Fly


You were on level 4 of the Dungeon.
You were not hungry.

You visited 1 branch of the dungeon, and saw 4 of its levels.

You collected 199 gold pieces.

Inventory:

Hand Weapons
 s - a +1 trident of venom (weapon)
Armour
 g - a +0 leather armour (worn)
 i - a +0 buckler
Jewellery
 k - a ring of protection from magic (right hand)
 p - a +3 ring of slaying (left hand)
Wands
 r - a wand of flame (16/48)
Scrolls
 h - 2 scrolls of remove curse
 t - a scroll of amnesia
Books
 b - a book of Flames

   Spells                             Type                      Level
   a - Flame Tongue                   Conjuration/Fire             1
   b - Throw Flame                    Conjuration/Fire             2
   c - Conjure Flame                  Conjuration/Fire             3
   d - Inner Flame                    Hexes/Fire                   3
   e - Sticky Flame                   Conjuration/Fire             4
   f - Fireball                       Conjuration/Fire             5
Comestibles
 c - 3 bread rations
 l - a slice of pizza


   Skills:
 - Level 2.1 Dodging
 - Level 2.0 Stealth
 + Level 5.2 Spellcasting
 + Level 6.2 Conjurations
 - Level 3.2 Fire Magic


You had 6 spell levels left.
You knew the following spells:

 Your Spells              Type           Power        Failure   Level  Hunger
a - Flame Tongue          Conj/Fire      ###..        2%          1    None
c - Conjure Flame         Conj/Fire      ###.....     10%         3    ###....
d - Throw Flame           Conj/Fire      ###...       4%          2    #......
s - Sticky Flame          Conj/Fire      ###.....     30%         4    ####...


Dungeon Overview and Level Annotations

Branches:
Dungeon (4/15)
 Temple: D:4-7

Altars:
Ru
The Shining One

Annotations:
D:3 exclusion: phantom


Innate Abilities, Weirdness & Mutations

You have a beak for a mouth.
You have claws for feet.
You can fly.


Message History

You reach to attack!
You hit the orc.
You kill the orc!
* * * LOW HITPOINT WARNING * * *
You feel sick.
Read which item? (? for menu, Esc to quit)
Okay, then.
Unknown command.
Save game and exit?
Welcome back, vev the Tengu Fire Elementalist.
Press ? for a list of commands and other information.
You aren't carrying any potions.
Attack whom?
Press: ? - help, Dir - move target cursor, f - orc
Aim: an orc, wielding a short sword of venom You reach to attack!
You barely miss the orc.
Attack whom?
Press: ? - help, Dir - move target cursor, f/p - orc
Aim: an orc, wielding a short sword of venom You reach to attack!
You closely miss the orc.
You die...

###.#h# #......
#.#.#.# #...#.##
###......#
.........#
###.....s#########
#......oo§@.......
#.#....oo#########
..........#
..........#
............
.#.#######).. #
..... .)...
......# .....


You could see an orc priest, 3 orcs and a giant cockroach.

Vanquished Creatures
  The ghost of dwjmeijer the Covered, an amateur GrFi (D:4)
  A scorpion (D:3)
  A howler monkey (D:4)
  An orc wizard (D:3)
  An orc priest (D:3)
  Ijyb (D:2)
  A worker ant (D:4)
  Robin (D:2)
  2 gnolls (D:3)
  3 adders
  3 worms
  2 dart slugs
  2 giant geckos
  8 orcs
  A ball python (D:3)
  5 bats
  3 giant cockroaches (D:2)
  19 goblins
  10 hobgoblins
  3 jackals (D:1)
  A quokka (D:4)
  4 giant newts
  5 kobolds
  2 rats
81 creatures vanquished.

Notes
Turn   | Place    | Note
--------------------------------------------------------------
     0 | D:1      | vev the Tengu Fire Elementalist began the quest for the Orb.
     0 | D:1      | Reached XP level 1. HP: 10/10 MP: 4/4
    90 | D:1      | Reached skill level 2 in Conjurations
   137 | D:1      | Reached XP level 2. HP: 15/15 MP: 4/6
   908 | D:2      | Reached XP level 3. HP: 12/19 MP: 4/8
  1074 | D:2      | Noticed Ijyb
  1080 | D:2      | Killed Ijyb
  1080 | D:2      | Reached skill level 3 in Conjurations
  1123 | D:2      | Reached XP level 4. HP: 24/24 MP: 6/9
  1276 | D:2      | Noticed Robin
  1473 | D:2      | Learned a level 2 spell: Throw Flame
  1477 | D:2      | Learned a level 3 spell: Conjure Flame
  1756 | D:2      | Killed Robin
  1760 | D:2      | Reached skill level 4 in Conjurations
  2207 | D:2      | Found a glowing golden altar of the Shining One.
  2448 | D:2      | Found a sacrificial altar of Ru.
  2990 | D:2      | Learned a level 4 spell: Sticky Flame
  2996 | D:3      | Gained mutation: You can fly. [Tengu growth]
  2996 | D:3      | Reached XP level 5. HP: 28/28 MP: 5/11
  3330 | D:3      | Noticed a phantom
  3821 | D:3      | Reached skill level 5 in Conjurations
  3821 | D:3      | Reached XP level 6. HP: 32/32 MP: 2/13
  4400 | D:4      | Noticed dwjmeijer's ghost (amateur GrFi)
  4458 | D:4      | Killed dwjmeijer's ghost
  4458 | D:4      | Reached skill level 5 in Spellcasting
  4458 | D:4      | Reached skill level 6 in Conjurations
  4458 | D:4      | Reached XP level 7. HP: 36/36 MP: 1/15
  4584 | D:4      | HP: 1/36 [poisoned by an orc]
  4585 | D:4      | Upgraded the game from 0.18-a0-1789-gbeff17f to 0.19-a0-291-ga637243
  4586 | D:4      | Succumbed to an orc's poison

Vault maps used:
D:1:      matt_arrival_los_fun
D:2:      nicolae_overflow_crystal_walls, hangedman_ru_absence, uniq_robin,
          uniq_iyjb
D:3:      minmay_misc_feat_encased, minmay_strange_pillars,
          minmay_misc_feat_room
D:4:      minmay_temple_entry_metal_lava, first_bread

Skill      XL: |  1  2  3  4  5  6 |
---------------+-------------------+-----
Conjurations   | 2 3 4 5 6 |  6.2
Spellcasting   | 3 4 5 |  5.2
Dodging        | |  2.1
Stealth        | |  2.0
Fire Magic     | |  3.2

Action                   |  1- 3 |  4- 6 |  7- 9 || total
-------------------------+-------+-------+-------++-------
Melee: Unarmed           |     6 |       |       ||     6
       Peck              |     3 |     4 |       ||     7
       Kick              |     1 |    13 |       ||    14
       Spear             |     5 |    33 |       ||    38
       Dagger            |       |     6 |       ||     6
       Trident           |       |    59 |     5 ||    64
 Cast: Flame Tongue      |    25 |    80 |       ||   105
       Throw Flame       |       |    21 |       ||    21
       Conjure Flame     |       |     5 |     1 ||     6
  Use: Potion            |       |     4 |       ||     4
       Scroll            |       |       |     7 ||     7
 Stab: Sleeping          |       |     1 |       ||     1
  Eat: Chunk             |     1 |    12 |     1 ||    14
Armor: Robe              |     2 |       |       ||     2
       Leather armour    |     1 |    21 |       ||    22
Dodge: Dodged            |    16 |    76 |     2 ||    94
